 Dungeon Crawl Stone Soup version 0.22.0-6-g71bd7aa6b3 (webtiles) character file.

434 Grim the Ruffian (level 6, 0/70 HPs)
             Began as a Demonspawn Berserker on Aug 15, 2018.
             Was a Believer of Trog.
             Succumbed to a worker ant's poison
             ... on level 4 of the Dungeon.
             The game lasted 00:05:51 (3850 turns).

Grim the Ruffian (Demonspawn Berserker)             Turns: 3850, Time: 00:05:51

Health: 0/70       AC: 10    Str: 23    XL:     6   Next: 67%
Magic:  6/6        EV:  8    Int:  8    God:    Trog [**....]
Gold:   228        SH:  0    Dex: 14    Spells: 5/5 levels left

rFire    . . .     SeeInvis .     - Unarmed
rCold    . . .     Gourm    .   (no shield)
rNeg     . . .     Faith    .   l - +0 chain mail
rPois    .         Spirit   .   (helmet restricted)
rElec    .         Reflect  .   c - scarf {cloud immunity}
rCorr    .         Harm     .   (no gloves)
MR       .....                  (no boots)
Stlth    ..........             (no amulet)
HPRegen  0.21/turn              q - ring of stealth
MPRegen  0.10/turn              (no ring)

@: berserking (expiring), lethally poisoned (0 -> -12), very quick
A: antennae 1, thin metallic scales 1, demonic guardian 1
a: Berserk, Trog's Hand, Renounce Religion


You were on level 4 of the Dungeon.
You worshipped Trog.
Trog was pleased with you.
You were hungry.

You visited 1 branch of the dungeon, and saw 4 of its levels.

You collected 228 gold pieces.

Inventory:

Hand Weapons
 r - a +0 blowgun
Missiles
 i - 5 javelins (quivered)
Armour
 c - a scarf of cloud immunity (worn)
 l - a +0 chain mail (worn)
Jewellery
 q - a ring of stealth (left hand)
Scrolls
 a - a scroll of random uselessness {unknown}
 d - 6 scrolls of remove curse {unknown}
 e - a scroll of teleportation {unknown}
 g - 2 scrolls of blinking {unknown}
 h - a scroll of amnesia {unknown}
 j - 4 scrolls of identify {unknown}
 k - 2 scrolls of enchant weapon {unknown}
 t - a scroll of magic mapping {unknown}
Potions
 f - a potion of flight {unknown}
 m - a potion of curing {unknown}
 n - 3 potions of haste {unknown}
 o - a potion of berserk rage {unknown}
 p - 2 potions of magic {unknown}
 s - a potion of lignification {unknown}
Comestibles
 b - 7 rations


   Skills:
 - Level 3.0 Fighting
 - Level 1.7 Armour
 - Level 1.7 Dodging
 + Level 7.0 Unarmed Combat


You had 5 spell levels left.
You didn't know any spells.
Your spell library was empty.

Dungeon Overview and Level Annotations

Branches:
Dungeon (4/15)
 Temple: D:4-7

Altars:
Dithmenos
Sif Muna
Beogh

Annotations:
D:4 3 runed doors, feta's ghost, novice FoFi


Innate Abilities, Weirdness & Mutations

You have a pair of small antennae on your head.
You are partially covered in thin metallic scales. (AC +2)
A weak demonic guardian rushes to your aid.


Message History

You kill the orc wizard!
Trog accepts your kill.
Trog appreciates your killing of a magic user.
Your Unarmed Combat skill increases to level 7!
Unknown command.
You start resting.
You feel sick.
You feel a strong urge to attack something.
You feel sick.
Your ufetubus disappears in a puff of smoke!
You start resting.
Your skin stops crawling.
You feel less resistant to hostile enchantments.
* * * LOW HITPOINT WARNING * * *
You feel sick.
There is a lethal amount of poison in your body!
There is a lethal amount of poison in your body!
You are too berserk!
You are too berserk!
You feel your anger nearly subside.
You die...

..##oo#..#
#.#.....#..8#oW#..#
##.#...#.#..##oo#.)#
.<......#8...oo#..#
....... #######8.#
..<.. #..# ##...###
#.## #.##.))5..#
##.#### #.....@)#
#...... ######.##
#.###.. ##.####
#.##... #.....##
#.##.># ##>#...#
#.##... ###...#
#...... #...#
######.. ###
#...#####....... ..#
#.........#####.


You could see a friendly iron imp.

Vanquished Creatures
  A phantom (D:4)
  A scorpion (D:4)
  2 orc wizards (D:4)
  3 adders (D:3)
  An ooze (D:1)
  2 worms (D:2)
  A dart slug (D:4)
  A leopard gecko (D:2)
  10 orcs
  A bat (D:1)
  5 giant cockroaches
  6 goblins
  2 hobgoblins
  3 kobolds
  4 quokkas
  2 frilled lizards
  9 rats
54 creatures vanquished.

Vanquished Creatures (collateral kills)
  An ogre (D:4)
  A centaur (D:3)
  An orc priest (D:4)
  A worker ant (D:4)
4 creatures vanquished.

Grand Total: 58 creatures vanquished

Notes
Turn   | Place    | Note
-------+----------+-------------------------------------------
     0 | D:1      | Grim the Demonspawn Berserker began the quest for the Orb.
     0 | D:1      | Reached XP level 1. HP: 18/18 MP: 1/1
   132 | D:1      | Reached skill level 3 in Unarmed Combat
   177 | D:1      | Gained mutation: A weak demonic guardian rushes to your aid. [demonic ancestry]
   177 | D:1      | Reached XP level 2. HP: 16/24 MP: 2/2
  1567 | D:2      | Reached XP level 3. HP: 28/29 MP: 3/3
  1888 | D:2      | Reached skill level 4 in Unarmed Combat
  2309 | D:3      | Gained mutation: You have a pair of small antennae on your head. [demonic ancestry]
  2309 | D:3      | Reached XP level 4. HP: 23/35 MP: 4/4
  2662 | D:3      | Noticed a centaur
  2670 | D:3      | Killed a centaur
  2670 | D:3      | Reached ** piety under Trog
  2670 | D:3      | Reached skill level 5 in Unarmed Combat
  2670 | D:3      | Gained mutation: You are partially covered in thin metallic scales. (AC +2) [demonic ancestry]
  2670 | D:3      | Reached XP level 5. HP: 9/41 MP: 5/5
  3337 | D:4      | Noticed a phantom
  3352 | D:4      | Killed a phantom
  3352 | D:4      | Reached skill level 6 in Unarmed Combat
  3431 | D:4      | Reached XP level 6. HP: 45/47 MP: 6/6
  3473 | D:4      | Found a runed gate.
  3474 | D:4      | Found a runed gate.
  3475 | D:4      | Found a runed gate.
  3475 | D:4      | Noticed feta's ghost (novice FoFi)
  3497 | D:4      | Noticed an orc warrior
  3556 | D:4      | Found a roughly hewn altar of Beogh.
  3614 | D:4      | Found a shadowy altar of Dithmenos.
  3615 | D:4      | Found a deep blue altar of Sif Muna.
  3843 | D:4      | HP: 2/47 [orc wizard/dagger (2)]
  3846 | D:4      | Reached skill level 7 in Unarmed Combat
  3848 | D:4      | HP: 2/70 [poisoned by a worker ant]
  3850 | D:4      | Succumbed to a worker ant's poison

Skill      XL: |  1  2  3  4  5  6 |
---------------+-------------------+-----
Unarmed Combat | 3 4 5 6 7 |  7.0
Fighting       | |  3.0
Armour         | |  1.7
Dodging        | |  1.7

Action                   |  1- 3 |  4- 6 || total
-------------------------+-------+-------++-------
Melee: Unarmed           |   151 |    77 ||   228
       Punch             |     2 |     3 ||     5
Throw: Javelin           |       |     3 ||     3
Invok: Berserk           |       |     2 ||     2
       Trog's Hand       |       |     1 ||     1
 Stab: Sleeping          |     3 |       ||     3
  Eat: Chunk             |     4 |       ||     4
       Ration            |       |     2 ||     2
Armor: Animal skin       |    14 |       ||    14
       Chain mail        |    33 |    40 ||    73
Dodge: Dodged            |    63 |    25 ||    88
